 Dungeon Crawl Stone Soup version 0.27-a0-695-gb4952372f7 (webtiles) character file.

Game seed: 15170385119303620530

541 sleeves the Caller (level 7, 0/55 (56) HPs)
             Began as a Gnoll Wanderer on Mar 22, 2021.
             Was an Initiate of Ashenzari.
             Slain by a gnoll
             ... wielding a +0 flail
              (8 damage)
             ... on level 3 of the Dungeon.
             The game lasted 00:13:02 (6319 turns).

sleeves the Caller (Gnoll Wanderer)                 Turns: 6319, Time: 00:13:03

HP:   0/55 (56)     AC:  8    Str: 11    XL:     7   Next: 26%
MP:   15/15         EV:  9    Int: 15    God:    Ashenzari [......]
Gold: 168           SH:  0    Dex: 10    Spells: 16/17 levels left

rFire    . . .     SeeInvis .   a - +0 spear
rCold    . . .     Faith    .   (no shield)
rNeg     . . .     Spirit   .   c - +2 scale mail
rPois    .         Reflect  .   (no helmet)
rElec    .         Harm     .   (no cloak)
rCorr    .         Rampage  .   (no gloves)
Will     .....                  (no boots)
Stlth    +.........             (no amulet)
HPRegen  0.18/turn              (no ring)
MPRegen  0.14/turn              (no ring)

@: lightly drained
A: fangs 1, strong nose, distributed training
a: Renounce Religion


You were on level 3 of the Dungeon.
You worshipped Ashenzari.
Ashenzari was noncommittal.
You visited 2 branches of the dungeon, and saw 6 of its levels.

You collected 233 gold pieces.
You spent 65 gold pieces at shops.

Inventory:

Hand Weapons
 a - a +0 spear (weapon)
 d - a +0 dagger
Missiles
 k - 8 poisoned darts (quivered)
Armour
 c - a +2 scale mail (worn)
Jewellery
 r - a ring of see invisible
   (You found it on level 4 of the Dungeon)
Wands
 j - a wand of charming (8)
   (You found it on level 3 of the Dungeon)
Scrolls
 b - 4 scrolls of teleportation
 e - 3 scrolls of identify
 f - a scroll of noise
 h - a scroll of vulnerability
 i - 2 scrolls of random uselessness
 n - a scroll of silence
 o - a scroll of fog
 q - a scroll of enchant weapon
Potions
 g - 2 potions of heal wounds
 l - a potion of cancellation
 m - a potion of flight
 p - a potion of curing


   Skills:
 + Level 5.2 Fighting
 + Level 2.3 Short Blades
 + Level 2.3 Long Blades
 + Level 2.3 Axes
 + Level 2.3 Maces & Flails
 + Level 2.3 Polearms
 + Level 2.3 Staves
 + Level 2.3 Slings
 + Level 2.3 Bows
 + Level 2.3 Crossbows
 + Level 2.3 Throwing
 + Level 3.5 Armour
 + Level 2.3 Dodging
 + Level 4.8 Stealth
 + Level 2.3 Shields
 + Level 2.3 Unarmed Combat
 + Level 5.5 Spellcasting
 + Level 1.9 Conjurations
 + Level 1.9 Hexes
 + Level 5.8 Summonings
 + Level 1.9 Necromancy
 + Level 1.9 Translocations
 + Level 1.9 Transmutations
 + Level 1.9 Fire Magic
 + Level 1.9 Ice Magic
 + Level 1.9 Air Magic
 + Level 1.9 Earth Magic
 + Level 1.9 Poison Magic
 + Level 2.6 Invocations
 + Level 2.3 Evocations


You had 16 spell levels left.
You knew the following spells:

 Your Spells              Type           Power      Damage    Failure   Level
a - Summon Small Mammal   Summ           84%        N/A       8%          1

Your spell library contained the following spells:

 Spells                   Type           Power      Damage    Failure   Level
 Summon Guardian Golem    Hex/Summ       15%        N/A       45%         3


Dungeon Overview and Level Annotations

Branches:
Dungeon (5/15)             Temple (1/1) D:4

Altars:
Ashenzari
Cheibriados
Dithmenos
Elyvilon
Gozag
Hepliaklqana
Kikubaaqudgha
Nemelex Xobeh
Okawaru
Qazlal
Ru
Sif Muna
Wu Jian
Xom
Yredelemnul
The Shining One

Shops:
D:3 *

Annotations:
D:4 Grinder


Innate Abilities, Weirdness & Mutations

You have very sharp teeth.
Your uncanny sense of smell can sniff out nearby items.
Your experience applies equally to all skills.


Message History

p - a potion of curing
Found a stormy altar of Qazlal.
Found a snail-covered altar of Cheibriados.
There is an open door here.
There is a fountain of clear blue water here.
There is an open door here.
A hobgoblin zombie is nearby!
A hobgoblin zombie is nearby!
A hobgoblin zombie is nearby!
Found 12 gold pieces.
No target in view!
A hobgoblin zombie is nearby!
A hobgoblin zombie is nearby!
You reach to attack!
You hit the hobgoblin zombie.
The hobgoblin zombie is severely damaged.
You hit the hobgoblin zombie.
You destroy the hobgoblin zombie!
A zombie and a skeleton come into view.
Found a scroll of identify.
You hit the kobold zombie.
The kobold zombie is lightly damaged.
The kobold zombie misses you.
You hit the kobold zombie.
The kobold zombie is moderately damaged.
The kobold zombie hits you.
You closely miss the kobold zombie.
The kobold zombie is moderately damaged.
The kobold zombie misses you. The hobgoblin zombie hits you.
You barely miss the kobold zombie.
The kobold zombie is moderately damaged.
You hit the kobold zombie.
The kobold zombie is severely damaged.
The kobold zombie hits you.
The hobgoblin zombie hits you but does no damage.
You hit the kobold zombie.
You destroy the kobold zombie!
The hobgoblin zombie hits you but does no damage.
Casting: Summon Small Mammal (safe; 8% risk of failure)
Confirm with . or Enter, or press ? or * to list all spells.
You don't know that spell.
Unknown command.
Casting: Summon Small Mammal (safe; 8% risk of failure)
Confirm with . or Enter, or press ? or * to list all spells.
The hobgoblin zombie hits you but does no damage.
You hit the goblin skeleton but do no damage.
Your bat hits the hobgoblin zombie. The goblin skeleton hits you.
The hobgoblin zombie hits you but does no damage.
You hit the hobgoblin zombie.
The hobgoblin zombie is moderately damaged.
Your bat hits the hobgoblin zombie.
The goblin skeleton hits you but does no damage.
You hit the hobgoblin zombie.
The hobgoblin zombie is heavily damaged.
Your bat hits the hobgoblin zombie.
The hobgoblin zombie hits you but does no damage.
Casting: Summon Small Mammal (safe; 8% risk of failure)
Confirm with . or Enter, or press ? or * to list all spells.
Your bat hits the hobgoblin zombie.
The goblin skeleton hits you but does no damage.
You barely miss the hobgoblin zombie.
The hobgoblin zombie is severely damaged.
Your bat hits the hobgoblin zombie. x2
The goblin skeleton hits you but does no damage.
The hobgoblin zombie barely misses you.
You hit the hobgoblin zombie.
You destroy the hobgoblin zombie!
The goblin zombie closely misses you.
Your bat hits the goblin skeleton.
The goblin skeleton hits you but does no damage.
You hit the goblin skeleton.
You destroy the goblin skeleton!
Your bat hits the goblin zombie. The goblin zombie barely misses you.
Your bat closely misses the goblin zombie.
You closely miss the goblin zombie.
The goblin zombie is lightly damaged.
Your bat hits the hobgoblin zombie. x3; The hobgoblin zombie misses your bat.
The goblin zombie hits you but does no damage.
You barely miss the hobgoblin zombie.
The hobgoblin zombie is moderately damaged.
Your bat hits the goblin zombie. You hit the hobgoblin zombie.
You destroy the hobgoblin zombie!
Your bat hits the goblin zombie. The goblin zombie hits you.
Your bat closely misses the goblin zombie.
You hit the goblin zombie.
The goblin zombie is severely damaged.
Your bat hits the goblin zombie. x2
The goblin zombie is destroyed!
No target in view!
No target in view!
No target in view!
No target in view!
No target in view!
No target in view!
No target in view!
No target in view!
No target in view!
No target in view!
Magic restored.
Your bat disappears in a puff of smoke! x2
HP restored.
A crimson imp comes into view.
The crimson imp shouts!
The crimson imp blinks!
Found a glowing golden altar of the Shining One.
A crimson imp is nearby!
You reach to attack!
Your scale mail prevents you from hitting the crimson imp.
You hit the crimson imp but do no damage.
You bite the crimson imp, but do no damage.
The crimson imp hits you.
You hit the crimson imp but do no damage.
The crimson imp barely misses you.
You hit the crimson imp.
You bite the crimson imp, but do no damage.
The crimson imp is moderately wounded.
The crimson imp hits you but does no damage.
Casting: Summon Small Mammal (safe; 8% risk of failure)
Confirm with . or Enter, or press ? or * to list all spells.
The crimson imp barely misses you.
You barely miss the crimson imp.
The crimson imp is lightly wounded.
The crimson imp hits you.
Your quokka closely misses the crimson imp.
You closely miss the crimson imp.
The crimson imp is lightly wounded.
A hobgoblin zombie comes into view.
The crimson imp blinks!
The crimson imp hits your quokka.
Found a scroll of enchant weapon.
You reach to attack!
Your scale mail prevents you from hitting the hobgoblin zombie.
Your quokka bites the crimson imp.
The crimson imp hits your quokka but does no damage.
You reach to attack!
You hit the hobgoblin zombie.
The hobgoblin zombie is moderately damaged.
Your quokka barely misses the crimson imp.
The crimson imp hits your quokka but does no damage.
You hit the hobgoblin zombie.
The hobgoblin zombie is severely damaged.
Your quokka closely misses the crimson imp.
The hobgoblin zombie barely misses you.
The crimson imp closely misses your quokka.
You hit the hobgoblin zombie.
You destroy the hobgoblin zombie!
Your quokka barely misses the crimson imp.
The crimson imp closely misses your quokka.
Your quokka bites the crimson imp.
The crimson imp completely misses your quokka.
Your quokka bites the crimson imp.
You reach to attack!
You hit the crimson imp but do no damage.
The crimson imp is moderately wounded.
Your quokka closely misses the crimson imp.
The crimson imp closely misses your quokka.
You reach to attack!
You hit the crimson imp but do no damage.
The crimson imp is moderately wounded.
Your quokka bites the crimson imp.
The crimson imp blinks!
You swap places.
Found a +0 hand axe.
You barely miss the crimson imp.
The crimson imp is lightly wounded.
Your quokka closely misses the crimson imp.
The crimson imp hits you.
You hit the crimson imp.
The crimson imp is moderately wounded.
Your quokka completely misses the crimson imp.
The crimson imp hits you but does no damage.
You closely miss the crimson imp.
The crimson imp is lightly wounded.
Your quokka closely misses the crimson imp.
The crimson imp hits you but does no damage.
You hit the crimson imp.
The crimson imp is moderately wounded.
Your quokka bites the crimson imp.
The crimson imp hits your quokka.
You barely miss the crimson imp.
The crimson imp is moderately wounded.
Your quokka barely misses the crimson imp.
Your quokka bites the crimson imp.
A crimson imp is nearby!
You hit the crimson imp.
The crimson imp is heavily wounded.
The crimson imp completely misses you.
Your quokka misses the crimson imp.
A crimson imp is nearby!
You barely miss the crimson imp.
The crimson imp is heavily wounded.
The crimson imp hits you but does no damage.
Your quokka barely misses the crimson imp.
You miss the crimson imp.
The crimson imp is moderately wounded.
The crimson imp hits you but does no damage.
Your quokka completely misses the crimson imp.
You miss the crimson imp.
The crimson imp is moderately wounded.
The crimson imp blinks!
Your quokka misses the crimson imp.
The crimson imp barely misses your quokka.
Your quokka misses the crimson imp. The crimson imp hits your quokka.
You could not reach far enough!
Your quokka closely misses the crimson imp.
The crimson imp blinks!
No target in view!
No target in view!
No target in view!
No target in view!
No target in view!
No target in view!
No target in view!
No target in view!
A crimson imp is nearby!
A crimson imp is nearby!
You open the door.
Your quokka bites the crimson imp.
The crimson imp blinks!
There is an open door here.
Your quokka disappears in a puff of smoke!
You closely miss the crimson imp.
The crimson imp blinks!
There is an open door here.
Casting: Summon Small Mammal (safe; 8% risk of failure)
Confirm with . or Enter, or press ? or * to list all spells.
The crimson imp hits you but does no damage.
You hit the crimson imp.
The crimson imp is moderately wounded.
The crimson imp blinks!
You reach to attack!
You closely miss the crimson imp.
The crimson imp is moderately wounded.
You closely miss the crimson imp.
The crimson imp is moderately wounded.
Your rat closely misses the crimson imp.
The crimson imp barely misses you.
You hit the crimson imp but do no damage.
The crimson imp is lightly wounded.
Your rat misses the crimson imp.
The crimson imp blinks!
You reach to attack!
You closely miss the crimson imp.
The crimson imp is lightly wounded.
The crimson imp hits your rat.
You could not reach far enough!
Your rat bites the crimson imp.
The crimson imp completely misses your rat.
Casting: Summon Small Mammal (safe; 8% risk of failure)
Confirm with . or Enter, or press ? or * to list all spells.
Your rat closely misses the crimson imp.
The crimson imp hits your rat.
Your rat dies!
Your rat's corpse disappears in a puff of smoke!
You reach to attack!
You hit the crimson imp.
The crimson imp is lightly wounded.
Your rat completely misses the crimson imp.
You hit the crimson imp but do no damage.
Your bite misses the crimson imp.
The crimson imp hits you but does no damage.
Your rat barely misses the crimson imp.
You hit the crimson imp.
The crimson imp is lightly wounded.
The crimson imp hits you but does no damage.
Casting: Summon Small Mammal (safe; 8% risk of failure)
Confirm with . or Enter, or press ? or * to list all spells.
Your rat misses the crimson imp. The crimson imp barely misses you.
You completely miss the crimson imp.
Your rat bites the crimson imp but does no damage.
The crimson imp hits you but does no damage.
You closely miss the crimson imp.
Your rat bites the crimson imp.
The crimson imp closely misses you.
You hit the crimson imp.
The crimson imp is moderately wounded.
Your rat closely misses the crimson imp.
The crimson imp hits you but does no damage.
You miss the crimson imp.
You bite the crimson imp, but do no damage.
The crimson imp is moderately wounded.
Your quokka bites the crimson imp.
Your rat completely misses the crimson imp.
The crimson imp hits you.
Your scale mail prevents you from hitting the crimson imp.
The crimson imp is heavily wounded.
Your quokka closely misses the crimson imp.
Your rat bites the crimson imp.
The crimson imp barely misses you.
Your quokka closely misses the crimson imp.
You closely miss the crimson imp.
The crimson imp is heavily wounded.
Your rat misses the crimson imp.
Your quokka closely misses the crimson imp.
The crimson imp barely misses you.
You hit the crimson imp but do no damage.
The crimson imp is moderately wounded.
Your rat bites the crimson imp.
Your quokka closely misses the crimson imp.
The crimson imp hits you but does no damage.
You hit the crimson imp but do no damage.
The crimson imp is moderately wounded.
Your rat barely misses the crimson imp.
Your quokka completely misses the crimson imp.
The crimson imp hits you but does no damage.
You hit the crimson imp. Your bite misses the crimson imp.
The crimson imp is moderately wounded.
Your quokka misses the crimson imp.
Your rat closely misses the crimson imp.
The crimson imp blinks!
You hit the crimson imp.
You bite the crimson imp, but do no damage.
The crimson imp is moderately wounded.
Your quokka bites the crimson imp.
You miss the crimson imp.
The crimson imp is heavily wounded.
The crimson imp hits you but does no damage.
Your quokka bites the crimson imp.
You hit the crimson imp.
The crimson imp is severely wounded.
The crimson imp blinks!
No target in view!
No target in view!
No target in view!
No target in view!
No target in view!
No target in view!
No target in view!
No target in view!
No target in view!
No target in view!
No target in view!
No target in view!
No target in view!
No target in view!
No target in view!
No target in view!
No target in view!
A crimson imp is nearby!
You reach to attack!
You closely miss the crimson imp.
The crimson imp is heavily wounded.
The crimson imp closely misses your quokka.
Your quokka barely misses the crimson imp.
You reach to attack!
You hit the crimson imp.
The crimson imp is heavily wounded.
The crimson imp closely misses your quokka.
Your quokka bites the crimson imp.
You reach to attack!
You miss the crimson imp.
The crimson imp is heavily wounded.
The crimson imp blinks!
No target in view!
No target in view!
No target in view!
No target in view!
No target in view!
No target in view!
No target in view!
No target in view!
No target in view!
No target in view!
No target in view!
No target in view!
No target in view!
No target in view!
No target in view!
You swap places.
There is an open door here.
A crimson imp is nearby!
A crimson imp is nearby!
The crimson imp barely misses your quokka.
You reach to attack!
You barely miss the crimson imp.
The crimson imp is moderately wounded.
Your quokka barely misses the crimson imp.
Your rat barely misses the crimson imp.
The crimson imp hits your quokka but does no damage.
You reach to attack!
You closely miss the crimson imp.
The crimson imp is lightly wounded.
Your quokka closely misses the crimson imp.
Your rat barely misses the crimson imp.
The crimson imp barely misses your quokka.
You could not reach far enough!
Your quokka misses the crimson imp.
The crimson imp barely misses your quokka.
Your rat misses the crimson imp. Your quokka misses the crimson imp.
You reach to attack!
You hit the crimson imp.
The crimson imp is lightly wounded.
Your quokka barely misses the crimson imp.
Your rat closely misses the crimson imp.
The crimson imp barely misses your quokka.
You reach to attack!
You hit the crimson imp.
The crimson imp is moderately wounded.
Your rat disappears in a puff of smoke!
Your quokka barely misses the crimson imp.
The crimson imp closely misses your quokka.
You could not reach far enough!
Your quokka bites the crimson imp.
The crimson imp hits your quokka.
You could not reach far enough!
Your quokka closely misses the crimson imp.
The crimson imp hits your quokka.
You could not reach far enough!
Your quokka bites the crimson imp.
The crimson imp completely misses your quokka.
Your quokka barely misses the crimson imp.
You could not reach far enough!
Your quokka closely misses the crimson imp.
The crimson imp hits your quokka but does no damage.
You reach to attack!
You barely miss the crimson imp.
The crimson imp is lightly wounded.
Your quokka bites the crimson imp but does no damage.
You could not reach far enough!
The crimson imp barely misses your quokka.
Your quokka closely misses the crimson imp.
You reach to attack!
You closely miss the crimson imp. The crimson imp hits your quokka.
Your quokka dies!
Your quokka's corpse disappears in a puff of smoke!
You reach to attack!
Your scale mail prevents you from hitting the crimson imp.
The crimson imp blinks!
No target in view!
No target in view!
No target in view!
No target in view!
No target in view!
No target in view!
No target in view!
No target in view!
No target in view!
No target in view!
No target in view!
No target in view!
No target in view!
No target in view!
The crimson imp blinks!
You see here a scroll of enchant weapon.
A crimson imp is nearby!
A crimson imp is nearby!
A crimson imp is nearby!
A crimson imp is nearby!
You hit the crimson imp but do no damage.
The crimson imp barely misses you.
You closely miss the crimson imp. The crimson imp hits you.
Casting: Summon Small Mammal (safe; 8% risk of failure)
Confirm with . or Enter, or press ? or * to list all spells.
The crimson imp barely misses you.
Casting: Summon Small Mammal (safe; 8% risk of failure)
Confirm with . or Enter, or press ? or * to list all spells.
The crimson imp completely misses you.
Your rat closely misses the crimson imp.
You barely miss the crimson imp.
The crimson imp hits you but does no damage.
Your rat closely misses the crimson imp.
You closely miss the crimson imp. The crimson imp barely misses you.
Your rat barely misses the crimson imp.
Casting: Summon Small Mammal (safe; 8% risk of failure)
Confirm with . or Enter, or press ? or * to list all spells.
The crimson imp barely misses you.
Your rat closely misses the crimson imp.
You closely miss the crimson imp.
The crimson imp blinks!
Your rat closely misses the crimson imp.
The crimson imp hits your rat.
Your rat dies!
Your rat's corpse disappears in a puff of smoke!
You reach to attack!
You barely miss the crimson imp. The crimson imp hits your rat.
You reach to attack!
You hit the crimson imp.
The crimson imp is lightly wounded.
The crimson imp hits your rat.
Your rat dies!
Your rat's corpse disappears in a puff of smoke!
You reach to attack!
You closely miss the crimson imp.
Your rat bites the crimson imp.
You closely miss the crimson imp. Your punch misses the crimson imp.
You bite the crimson imp, but do no damage.
The crimson imp is lightly wounded.
Your rat closely misses the crimson imp.
The crimson imp hits you but does no damage.
You hit the crimson imp.
The crimson imp is lightly wounded.
Your rat barely misses the crimson imp.
The crimson imp hits you.
You miss the crimson imp.
Your rat bites the crimson imp but does no damage.
The crimson imp hits you but does no damage.
You miss the crimson imp.
Your rat closely misses the crimson imp.
The crimson imp closely misses you.
You barely miss the crimson imp. Your rat misses the crimson imp.
The crimson imp hits you but does no damage.
You closely miss the crimson imp. Your rat misses the crimson imp.
The crimson imp hits you but does no damage.
You hit the crimson imp.
The crimson imp is lightly wounded.
Your rat misses the crimson imp.
The crimson imp hits you but does no damage.
You hit the crimson imp.
The crimson imp is moderately wounded.
Your rat bites the crimson imp but does no damage.
The crimson imp blinks!
The crimson imp blinks!
You hit the crimson imp. Your bite misses the crimson imp.
The crimson imp is moderately wounded.
The crimson imp hits you but does no damage.
You hit the crimson imp but do no damage.
The crimson imp is lightly wounded.
Your rat bites the crimson imp.
The crimson imp closely misses you.
You hit the crimson imp but do no damage.
You bite the crimson imp, but do no damage.
The crimson imp is lightly wounded.
Your rat barely misses the crimson imp.
The crimson imp blinks!
You reach to attack!
You hit the crimson imp but do no damage.
The crimson imp is lightly wounded.
You barely miss the crimson imp. The crimson imp hits you.
Your rat bites the crimson imp but does no damage.
You hit the crimson imp. Your bite misses the crimson imp.
The crimson imp is lightly wounded.
The crimson imp hits you but does no damage.
Your rat bites the crimson imp.
You miss the crimson imp.
You bite the crimson imp, but do no damage.
The crimson imp is moderately wounded.
The crimson imp hits you but does no damage.
Your rat closely misses the crimson imp.
You hit the crimson imp.
The crimson imp is severely wounded.
Your rat disappears in a puff of smoke!
The crimson imp hits you but does no damage.
You hit the crimson imp.
The crimson imp is severely wounded.
The crimson imp hits you but does no damage.
You closely miss the crimson imp.
The crimson imp is severely wounded.
The crimson imp barely misses you.
You barely miss the crimson imp. You punch the crimson imp.
The crimson imp is severely wounded.
The crimson imp hits you but does no damage.
You hit the crimson imp.
You kill the crimson imp!
No target in view!
No target in view!
No target in view!
No target in view!
q - a scroll of enchant weapon
There is a glowing golden altar of the Shining One here.
You now have 146 gold pieces (gained 12).
e - 3 scrolls of identify (gained 1)
r - a ring of see invisible You see here a +0 hand axe.
There is a stone staircase leading up here.
There is an iron altar of Okawaru here.
There is a stone staircase leading down here.
Done exploring.
Done exploring.
Done exploring.
Done exploring.
Done exploring.
(D) Dungeon (T) Temple
Where to? (Enter - D:3 @ (x,y), ? - help)
There is a stone staircase leading down here.
You climb downwards.
Found 14 gold pieces, 10 bolts and a +0 robe.
There is a stone staircase leading up here.
You now have 150 gold pieces (gained 4).
You now have 160 gold pieces (gained 10).
A worm comes into view.
A worm is nearby!
A worm is nearby!
A worm is nearby!
Found a +0 leather armour.
You reach to attack!
You hit the worm but do no damage. You hit the worm.
The worm is lightly wounded.
You hit the worm.
The worm is lightly wounded.
The worm bites you.
You barely miss the worm.
The worm is lightly wounded.
The worm closely misses you.
You hit the worm.
The worm is lightly wounded.
You hit the worm.
The worm is heavily wounded.
The worm bites you but does no damage.
You hit the worm.
The worm is heavily wounded.
You hit the worm.
The worm is severely wounded.
The worm bites you.
You hit the worm. You bite the worm.
The worm is almost dead.
The worm bites you.
You hit the worm.
You kill the worm!
No target in view!
No target in view!
No target in view!
No target in view!
No target in view!
No target in view!
No target in view!
No target in view!
No target in view!
No target in view!
No target in view!
HP restored.
A frilled lizard comes into view.
A frilled lizard is nearby!
A frilled lizard is nearby!
A frilled lizard is nearby!
The frilled lizard hisses angrily.
A jelly comes into view.
Found a +0 robe.
You reach to attack!
The jelly quivers.
You hit the frilled lizard.
You kill the frilled lizard!
You hit the jelly.
Your hands burn!
The jelly is moderately wounded.
The jelly closely misses you.
You hit the jelly.
Your hands burn!
The jelly is moderately wounded.
The jelly completely misses you.
You hit the jelly.
Your hands burn!
The jelly is heavily wounded.
The jelly hits you but does no damage.
You hit the jelly. The acid corrodes you!
Your hands burn!
The jelly is heavily wounded.
The jelly closely misses you.
You hit the jelly.
Your hands burn!
The jelly is severely wounded.
The jelly hits you but does no damage.
You hit the jelly but do no damage.
Your hands burn!
The jelly is severely wounded.
The jelly barely misses you.
You barely miss the jelly. You bite the jelly, but do no damage.
The jelly is severely wounded.
The jelly hits you.
You are splashed with acid!
You are too injured to fight recklessly!
A jelly is nearby!
A jelly is nearby!
Casting: Summon Small Mammal (safe; 8% risk of failure)
Confirm with . or Enter, or press ? or * to list all spells.
The jelly jiggles.
The jelly barely misses you.
You swap places.
The jelly barely misses your quokka.
Your quokka bites the jelly.
Your quokka is burned by acid!
The jelly misses your quokka.
Your quokka bites the jelly.
Your quokka is burned by acid!
Your quokka dies!
Your quokka's corpse disappears in a puff of smoke!
Reach: a) +0 spear
Press: ? - help, Dir - move target, f - you That would be overly suicidal.
Okay, then.
Casting: Summon Small Mammal (safe; 8% risk of failure)
Confirm with . or Enter, or press ? or * to list all spells.
The jelly hits your quokka but does no damage.
The jelly barely misses your quokka.
Your quokka barely misses the jelly.
Reach: a) +0 spear
Press: ? - help, Dir - move target, f - jelly
Aim: a jelly (almost dead, ally target, about 10% to evade your +0 spear)
You reach to attack!
You hit the jelly but do no damage.
The jelly is almost dead.
The jelly hits your quokka.
Your quokka is splashed with acid.
The acid corrodes your quokka!
Your quokka dies!
Your quokka's corpse disappears in a puff of smoke!
Reach: a) +0 spear
Press: ? - help, Dir - move target, f/p - jelly
Aim: a jelly (almost dead, about 10% to evade your +0 spear)
You reach to attack!
You hit the jelly.
You kill the jelly!
You are no longer corroded.
Magic restored.
You see here a frilled lizard corpse.
Key pressed, stopping explore.
A white imp comes into view.
The white imp shouts!
You hear a shout!
A gnoll comes into view. It is wielding a +0 club.
Found a stone staircase leading down.
There are monsters nearby!
There are monsters nearby! 2 gnolls come into view.
The white imp gestures at you. The puff of frost hits you!
The gnoll unwields a +0 spear.
The gnoll drops a +0 spear.
The gnoll picks up a flail.
The gnoll wields a flail.
Found a +0 spear.
Casting: Summon Small Mammal (safe; 8% risk of failure)
Confirm with . or Enter, or press ? or * to list all spells.
The white imp gestures at you.
The puff of frost hits you but does no damage.
Casting: Summon Small Mammal (safe; 8% risk of failure)
Confirm with . or Enter, or press ? or * to list all spells.
What are your orders? t - Bark!
Orders for allies: a - Attack new target. r - Retreat! s - Stop attacking. g - Guard the area. f - Follow me.
Anything else - Cancel.
Gang up on whom?
Press: ? - help, Dir - move target, f - white imp
Aim: a white imp (ally target) Attack!
You reach to attack!
You barely miss the white imp.
The white imp barely misses your quokka.
Your quokka bites the white imp.
You could not reach far enough!
The white imp misses your quokka.
Your quokka barely misses the white imp.
You reach to attack!
You hit the white imp but do no damage.
The white imp is lightly wounded.
Your quokka barely misses the white imp.
The white imp hits your quokka. The white imp freezes your quokka.
Your quokka dies!
Your quokka's corpse disappears in a puff of smoke!
You could not reach far enough!
Your bat barely misses the white imp.
Your bat hits the white imp. The white imp hits your bat.
Your bat dies!
Your bat's corpse disappears in a puff of smoke!
You reach to attack!
You hit the white imp.
The white imp is moderately wounded.
The white imp puffs mist at you. The white imp gestures at you.
The puff of frost hits you but does no damage.
The white imp gestures at you.
The puff of frost hits you but does no damage.
Casting: Summon Small Mammal (safe; 8% risk of failure)
Confirm with . or Enter, or press ? or * to list all spells.
The white imp gestures at you. The puff of frost hits you!
Casting: Summon Small Mammal (safe; 8% risk of failure)
Confirm with . or Enter, or press ? or * to list all spells.
The white imp gestures at you. The puff of frost hits you.
Your quokka barely misses the white imp.
You hit the white imp.
The white imp is heavily wounded.
The white imp hits you but does no damage.
Your quokka bites the white imp.
Your rat closely misses the white imp.
You barely miss the white imp.
The white imp is severely wounded.
The white imp hits you. The white imp freezes you.
Your quokka bites the white imp but does no damage.
Your rat barely misses the white imp.
You are too injured to fight recklessly!
You are too injured to fight recklessly!
You closely miss the white imp.
The white imp is severely wounded.
Your quokka bites the white imp.
The white imp hits you.
* * * LOW HITPOINT WARNING * * *
The white imp freezes you.
* * * LOW HITPOINT WARNING * * *
The gnoll hits you from afar with a +0 halberd.
* * * LOW HITPOINT WARNING * * *
Your rat bites the white imp but does no damage.
You closely miss the white imp.
The white imp is severely wounded.
Your quokka bites the white imp but does no damage.
The gnoll hits you from afar with a +0 halberd.
* * * LOW HITPOINT WARNING * * *
The white imp closely misses you.
Your quokka closely misses the white imp.
Your rat bites the white imp but does no damage.
You hit the white imp.
You kill the white imp!
The gnoll hits you from afar with a +0 halberd.
* * * LOW HITPOINT WARNING * * *
The gnoll barely misses your quokka.
Your quokka bites the gnoll.
The gnoll misses your quokka.
Your quokka bites the gnoll.
The gnoll completely misses your quokka.
Your quokka bites the gnoll.
Your quokka barely misses the gnoll.
The gnoll barely misses your quokka.
Your quokka barely misses the gnoll.
The gnoll completely misses your quokka.
Your quokka bites the gnoll.
Something barely misses your quokka.
You see here a frilled lizard corpse.
Your quokka disappears in a puff of smoke!
Your rat disappears in a puff of smoke!
A necrophage comes into view.
Okay, then.
The necrophage hits you but does no damage.
The necrophage barely misses you.
There is a stone staircase leading up here.
Aiming: Charm
Press: ? - help, Shift-Dir - straight line, f - necrophage
Aim: a necrophage (chance to affect: 35%)
The necrophage easily resists.
The necrophage completely misses you.
Aiming: Charm
Press: ? - help, Shift-Dir - straight line, f/p - necrophage
Aim: a necrophage (chance to affect: 35%)
The necrophage easily resists.
The necrophage hits you.
* * * LOW HITPOINT WARNING * * *
You feel drained. The necrophage barely misses you.
You climb upwards.
Level annotation: Grinder
There is a stone staircase leading down here.
The necrophage barely misses you.
There is a stone staircase leading up, spattered with blood here.
The necrophage hits you.
* * * LOW HITPOINT WARNING * * *
You climb upwards.
There is a stone staircase leading down here.
The necrophage hits you.
* * * LOW HITPOINT WARNING * * *
Casting: Summon Small Mammal (safe; 8% risk of failure)
Confirm with . or Enter, or press ? or * to list all spells.
You miscast Summon Small Mammal.
You are very lightly contaminated with residual magic.
Nothing appears to happen.
The necrophage hits you but does no damage.
Casting: Summon Small Mammal (safe; 8% risk of failure)
Confirm with . or Enter, or press ? or * to list all spells.
The necrophage barely misses you.
Your quokka barely misses the necrophage.
The necrophage barely misses your quokka.
Your quokka misses the necrophage. The necrophage hits your quokka.
Your magical contamination has completely faded away.
Your quokka misses the necrophage.
The necrophage barely misses your quokka.
Your quokka bites the necrophage but does no damage.
The necrophage barely misses your quokka.
Your quokka closely misses the necrophage.
The necrophage hits your quokka.
Your quokka dies!
Your quokka's corpse disappears in a puff of smoke!
There is a stone staircase leading up here.
You can't go down here!
You climb upwards.
There is a stone staircase leading down here.
Unknown command.
HP restored.
Done exploring.
Done exploring.
Done exploring.
Done exploring.
There is a stone staircase leading down here.
You climb downwards.
There is a stone staircase leading up here.
(D) Dungeon (T) Temple
Where to? (Enter - D:2 @ (x,y), ? - help)
There is a stone staircase leading down here.
You climb downwards.
Level annotation: Grinder
There is a stone staircase leading up here.
Done exploring.
Done exploring.
Done exploring.
(D) Dungeon (T) Temple
Where to? (Enter - D:4, ? - help)
There is a stone staircase leading down here.
You climb downwards.
There is a stone staircase leading up here.
b - 4 scrolls of teleportation (gained 1)
Found 12 stones.
A white imp comes into view.
The white imp shouts!
A white imp is nearby!
You throw a poisoned dart. The poisoned dart hits the white imp.
The white imp gestures at you. The puff of frost hits you!
You reach to attack!
You completely miss the white imp. You throw a poisoned dart.
The poisoned dart hits the white imp.
The white imp gestures at you. The puff of frost hits you!
Casting: Summon Small Mammal (safe; 8% risk of failure)
Confirm with . or Enter, or press ? or * to list all spells.
The white imp hits you. The white imp freezes you.
Casting: Summon Small Mammal (safe; 8% risk of failure)
Confirm with . or Enter, or press ? or * to list all spells.
Your bat hits the white imp but does no damage.
The white imp gestures at you. The puff of frost hits you.
The white imp gestures at you. The puff of frost hits you!
* * * LOW HITPOINT WARNING * * *
Your quokka misses the white imp. The white imp gestures at you.
The puff of frost misses you.
Casting: Summon Small Mammal (safe; 8% risk of failure)
Confirm with . or Enter, or press ? or * to list all spells.
Your quokka barely misses the white imp.
Your quokka bites the white imp but does no damage.
You swap places.
Your quokka barely misses the white imp.
The white imp closely misses your quokka.
Your quokka closely misses the white imp. x2
The white imp gestures at you. The puff of frost hits your quokka!
Your quokka dies!
Your quokka's corpse disappears in a puff of smoke!
Your quokka misses the white imp.
Your quokka closely misses the white imp.
The white imp gestures at you. The puff of frost hits you!
* * * LOW HITPOINT WARNING * * *
Your quokka bites the white imp.
Your quokka barely misses the white imp.
There is a stone staircase leading up here.
You climb upwards.
Level annotation: Grinder
There is a stone staircase leading down here.
Magic restored.
Grinder is nearby!
Grinder is nearby!
There is an escape hatch in the floor here.
There is a stone staircase leading up, spattered with blood here.
You climb upwards.
There is a stone staircase leading down here.
HP restored.
Done exploring.
You climb downwards.
Level annotation: Grinder
There is a stone staircase leading up, spattered with blood here.
There is a stone staircase leading down here.
You climb downwards.
Found 8 gold pieces.
There is a stone staircase leading up here.
You now have 168 gold pieces (gained 8).
k - 16 poisoned darts (gained 1)
k - 17 poisoned darts (gained 1)
A gnoll is nearby!
A gnoll is nearby!
A gnoll is nearby!
You throw a poisoned dart.
The poisoned dart barely misses the gnoll.
The gnoll shouts!
No target in view!
You see here a +0 leather armour.
A gnoll is nearby!
You throw a poisoned dart.
The poisoned dart closely misses the gnoll.
You throw a poisoned dart. The poisoned dart hits the gnoll!
The gnoll is poisoned.
You reach to attack!
You hit the gnoll but do no damage.
The gnoll hits you from afar with a +0 halberd!
You reach to attack!
The gnoll shouts! x2
You hit the gnoll but do no damage.
The gnoll is lightly wounded.
The gnoll closely misses you.
You reach to attack!
You hit the gnoll.
The gnoll is moderately wounded.
The gnoll completely misses you.
You throw a poisoned dart.
The poisoned dart closely misses the gnoll.
The gnoll hits you but does no damage.
There is a stone staircase leading up here.
Throw: 13 darts (poison)
Press: ? - help, Q - select action, (/) - cycle Shift-Dir - straight line, f/p - gnoll
Aim: a gnoll, wielding a +0 halberd (severely wounded, poisoned, 63% to hit)
You throw a poisoned dart.
The poisoned dart barely misses the gnoll.
The gnoll closely misses you.
Throw: 12 darts (poison)
Press: ? - help, Q - select action, (/) - cycle Shift-Dir - straight line, f/p - gnoll
Aim: a gnoll, wielding a +0 halberd (severely wounded, poisoned, 63% to hit)
You throw a poisoned dart. The poisoned dart hits the gnoll.
The gnoll looks even sicker.
The gnoll is severely wounded.
The gnoll hits you from afar with a +0 halberd!
Throw: 11 darts (poison)
Press: ? - help, Q - select action, (/) - cycle Shift-Dir - straight line, f - gnoll, p - gnoll
Aim: a gnoll, wielding a +0 flail (61% to hit)
You throw a poisoned dart.
The poisoned dart completely misses the gnoll.
The poisoned dart hits the gnoll.
The gnoll is poisoned.
The gnoll hits you from afar with a +0 halberd.
Throw: 10 darts (poison)
Press: ? - help, Q - select action, (/) - cycle Shift-Dir - straight line, f/p - gnoll
Aim: a gnoll, wielding a +0 flail (lightly wounded, poisoned, 63% to hit)
You throw a poisoned dart.
The poisoned dart barely misses the gnoll.
The poisoned dart hits the gnoll.
The gnoll closely misses you. The gnoll barely misses you.
The gnoll hits you from afar with a +0 halberd!
* * * LOW HITPOINT WARNING * * *
You climb upwards.
Level annotation: Grinder
There is a stone staircase leading down here.
There is a stone staircase leading up, spattered with blood here.
The gnoll looks more healthy.
The gnoll hits you with a +0 flail.
* * * LOW HITPOINT WARNING * * *
You climb upwards.
There is a stone staircase leading down here.
Throw: 9 darts (poison)
Press: ? - help, Q - select action, (/) - cycle Shift-Dir - straight line, f - gnoll
Aim: a gnoll, wielding a +0 flail (moderately wounded, 63% to hit)
You throw a poisoned dart.
The poisoned dart barely misses the gnoll.
The gnoll hits you with a +0 flail!
* * * LOW HITPOINT WARNING * * *
Casting: Summon Small Mammal (safe; 8% risk of failure)
Confirm with . or Enter, or press ? or * to list all spells.
The gnoll hits you with a +0 flail.
* * * LOW HITPOINT WARNING * * *
Your bat hits the gnoll.
Your bat hits the gnoll but does no damage.
Your bat hits the gnoll. Your bat hits the gnoll.
Your bat barely misses the gnoll.
Your bat hits the gnoll but does no damage.
Your bat barely misses the gnoll.
Your bat barely misses the gnoll.
Your bat completely misses the gnoll.
Your bat barely misses the gnoll.
Your bat closely misses the gnoll.
Your bat barely misses the gnoll.
Your bat hits the gnoll.
Your bat closely misses the gnoll.
Your bat barely misses the gnoll.
Your bat completely misses the gnoll.
The gnoll hits you with a +0 flail!
You die...

####################........(....
.................................
#.##.##############.###).........
#.#...............#.# #.........(
#.#..######.......#.###.......)..
#.#..#....#.......#..##..........
......................>.........#
#.#..#.#.<#.########...####.....#
#(#..#.#..#.#...@gb.....# #.....#
..#..#.#..#.#.#######...# #.....#
..#..#.#..#.#.#.........# #.#####
..#..#........#....<#...# #.#
#.#..#..#..#..#######...# #.#
#.#..#....#.............# #.#
#....##..#..#.##........###.#
#.......#..#...#.........##.#
#....#....#..............##.#


You could see a gnoll (ally target) and a friendly bat (summoned).

Vanquished Creatures
  A phantom (D:3)
  A howler monkey (D:4)
  A crimson imp (D:4)
  A jelly (D:5)
  Natasha (D:2)
  2 worker ants (D:4)
  2 hound skeletons (D:4)
  5 adders
  A white imp (D:5)
  An ooze (D:3)
  2 adder skeletons (D:4)
  5 worms
  4 dart slugs
  5 leopard geckos
  An orc (D:4)
  2 ball pythons
  6 giant cockroaches
  6 goblins
  7 hobgoblins
  7 jackals
  A quokka (D:1)
  7 bats
  3 frilled lizards
  2 goblin skeletons (D:4)
  6 hobgoblin zombies (D:4)
  3 kobolds
  A kobold skeleton (D:4)
  A kobold zombie (D:4)
  9 rats
94 creatures vanquished.

Vanquished Creatures (collateral kills)
  2 phantoms (D:4)
  Natasha (D:2)
  An adder (D:2)
  A dart slug (D:1)
  A bat (D:1)
  A hobgoblin (D:1)
  6 jackals (D:1)
  A goblin zombie (D:4)
  A kobold skeleton (D:4)
  2 rats (D:1)
17 creatures vanquished.

Grand Total: 111 creatures vanquished

Notes
Turn   | Place    | Note
-------+----------+-------------------------------------------
     0 | D:1      | sleeves the Gnoll Wanderer began the quest for the Orb.
     0 | D:1      | sleeves set off with the following items: a +0 spear, a +2
                  | scale mail, a +0 dagger; and the following spell memorised:
                  | Summon Small Mammal; and the following spells available to
                  | memorise: Summon Guardian Golem
     0 | D:1      | Reached XP level 1. HP: 20/20 MP: 6/6
   156 | D:1      | Reached XP level 2. HP: 14/26 MP: 4/7
   180 | D:1      | HP: 13/26 [jackal (2)]
   185 | D:1      | HP: 12/26 [jackal (1)]
   541 | D:1      | Reached XP level 3. HP: 28/31 MP: 9/9
   550 | D:1      | HP: 15/31 [quokka (1)]
   558 | D:1      | Reached skill level 5 in Spellcasting
   563 | D:1      | HP: 7/31 [hobgoblin/+0 club (5)]
   907 | D:1      | Reached skill level 1 in Invocations
  1281 | D:1      | Reached skill level 1 in Short Blades
  1281 | D:1      | Reached skill level 1 in Long Blades
  1281 | D:1      | Reached skill level 1 in Axes
  1281 | D:1      | Reached skill level 1 in Maces & Flails
  1281 | D:1      | Reached skill level 1 in Polearms
  1281 | D:1      | Reached skill level 1 in Staves
  1281 | D:1      | Reached skill level 1 in Slings
  1281 | D:1      | Reached skill level 1 in Bows
  1281 | D:1      | Reached skill level 1 in Crossbows
  1281 | D:1      | Reached skill level 1 in Throwing
  1281 | D:1      | Reached skill level 1 in Dodging
  1281 | D:1      | Reached skill level 1 in Shields
  1281 | D:1      | Reached skill level 1 in Unarmed Combat
  1281 | D:1      | Reached skill level 1 in Evocations
  1481 | D:2      | Reached XP level 4. HP: 38/38 MP: 7/11
  1969 | D:2      | Noticed Natasha
  1979 | D:2      | Killed Natasha
  1980 | D:2      | Reached skill level 1 in Conjurations
  1980 | D:2      | Reached skill level 1 in Hexes
  1980 | D:2      | Reached skill level 1 in Necromancy
  1980 | D:2      | Reached skill level 1 in Translocations
  1980 | D:2      | Reached skill level 1 in Transmutations
  1980 | D:2      | Reached skill level 1 in Fire Magic
  1980 | D:2      | Reached skill level 1 in Ice Magic
  1980 | D:2      | Reached skill level 1 in Air Magic
  1980 | D:2      | Reached skill level 1 in Earth Magic
  1980 | D:2      | Reached skill level 1 in Poison Magic
  2185 | D:2      | Noticed Natasha
  2199 | D:2      | Killed Natasha
  2267 | D:2      | Reached XP level 5. HP: 43/43 MP: 12/12
  2643 | D:3      | Found Soddudgh's General Store.
  2652 | D:3      | Bought a potion of heal wounds for 65 gold pieces
  2904 | D:3      | Reached skill level 3 in Armour
  3568 | D:4      | Found an iron altar of Okawaru.
  3680 | D:4      | Found a staircase to the Ecumenical Temple.
  3771 | D:4      | Reached XP level 6. HP: 36/50 MP: 13/13
  3773 | D:4      | Reached skill level 2 in Invocations
  3985 | D:3      | Reached skill level 5 in Fighting
  3985 | D:3      | Reached skill level 2 in Short Blades
  3985 | D:3      | Reached skill level 2 in Long Blades
  3985 | D:3      | Reached skill level 2 in Axes
  3985 | D:3      | Reached skill level 2 in Maces & Flails
  3985 | D:3      | Reached skill level 2 in Polearms
  3985 | D:3      | Reached skill level 2 in Staves
  3985 | D:3      | Reached skill level 2 in Slings
  3985 | D:3      | Reached skill level 2 in Bows
  3985 | D:3      | Reached skill level 2 in Crossbows
  3985 | D:3      | Reached skill level 2 in Throwing
  3985 | D:3      | Reached skill level 2 in Dodging
  3985 | D:3      | Reached skill level 2 in Shields
  3985 | D:3      | Reached skill level 2 in Unarmed Combat
  3985 | D:3      | Reached skill level 2 in Evocations
  4254 | D:4      | HP: 25/51 [phantom (2)]
  4260 | D:4      | HP: 19/51 [phantom (1)]
  4265 | D:4      | Reached XP level 7. HP: 19/56 MP: 15/15
  4541 | Temple   | Entered the Ecumenical Temple
  4548 | Temple   | Became a worshipper of Ashenzari the Shackled
  4676 | D:4      | Noticed Grinder
  4680 | D:4      | Paralysed by Grinder for 7 turns
  4967 | D:4      | Found a stormy altar of Qazlal.
  4968 | D:4      | Found a snail-covered altar of Cheibriados.
  5120 | D:4      | Found a glowing golden altar of the Shining One.
  5328 | D:5      | Entered Level 5 of the Dungeon
  5610 | D:5      | HP: 28/56 [white imp (3)]
  5641 | D:5      | HP: 17/56 [necrophage (2)]
  5653 | D:4      | HP: 15/55 [necrophage (5)]
  5658 | D:3      | HP: 13/55 [necrophage (3)]
  5992 | D:5      | HP: 21/55 [white imp/puff of frost (7)]
  6000 | D:5      | HP: 15/55 [white imp/puff of frost (8)]
  6283 | D:5      | HP: 21/55 [gnoll/+0 halberd (9)]
  6288 | D:4      | HP: 18/55 [gnoll/+0 flail (4)]
  6290 | D:3      | HP: 8/55 [gnoll/+0 flail (10)]
  6296 | D:3      | HP: 4/55 [gnoll/+0 flail (5)]
  6319 | D:3      | Slain by a gnoll

Illustrated notes

Levels and vault maps discovered:
D:1:      lemuel_arrival_funnel, layout_rooms, minmay_tripent
D:2:      layout_basic, st_stairs_5, uniq_natasha
D:3:      layout_basic, serial_shops, nicolae_shop_statue_plus,
          minmay_misc_feat_diagonals, minivault_27
D:4:      layout_rooms, gammafunk_temple_overflow_pools,
          okawaru_metal_pillars_1_2, minmay_temple_entry_sparse_star,
          nicolae_tso_besieged_by_evil, uniq_grinder
D:5:      layout_rooms
Temple:   nicolae_temple_x_marks_the_god

Skill      XL: |  1  2  3  4  5  6 |
---------------+-------------------+-----
Spellcasting   | 5 |  5.5
Invocations    | 1 2 |  2.6
Short Blades   | 1 2 |  2.3
Long Blades    | 1 2 |  2.3
Axes           | 1 2 |  2.3
Maces & Flails | 1 2 |  2.3
Polearms       | 1 2 |  2.3
Staves         | 1 2 |  2.3
Slings         | 1 2 |  2.3
Bows           | 1 2 |  2.3
Crossbows      | 1 2 |  2.3
Throwing       | 1 2 |  2.3
Dodging        | 1 2 |  2.3
Shields        | 1 2 |  2.3
Unarmed Combat | 1 2 |  2.3
Evocations     | 1 2 |  2.3
Conjurations   | 1 |  1.9
Hexes          | 1 |  1.9
Necromancy     | 1 |  1.9
Translocations | 1 |  1.9
Transmutations | 1 |  1.9
Fire Magic     | 1 |  1.9
Ice Magic      | 1 |  1.9
Air Magic      | 1 |  1.9
Earth Magic    | 1 |  1.9
Poison Magic   | 1 |  1.9
Armour         | 3 |  3.5
Fighting       | 5 |  5.2
Stealth        | |  4.8
Summonings     | |  5.8

Action                   |  1- 3 |  4- 6 |  7- 9 || total
-------------------------+-------+-------+-------++-------
Melee: Spear             |   148 |   296 |   171 ||   615
       Bite              |     5 |    25 |    11 ||    41
       Punch             |       |     1 |     1 ||     2
Throw: Dart              |       |    10 |    11 ||    21
 Cast: Summon Small Mamm |    26 |    18 |    26 ||    70
Evoke: Wand              |       |       |     2 ||     2
 Stab: Sleeping          |       |     1 |       ||     1
Armor: Scale mail        |    80 |   143 |    57 ||   280
Dodge: Dodged            |    62 |   112 |    50 ||   224

Table legend: (Time is in decaauts)
 A = Elapsed time spent in this place.
 B = Non-inter-level travel time spent in this place.
 C = Inter-level travel time spent in this place.
 D = Time resting spent in this place.
 E = Time spent auto-exploring this place.
 F = Levels seen in this place.
 G = Mean time per level.
                   A        B        C        D        E       F      G
               +--------+--------+--------+--------+--------+-----+--------+
         Total |   6372 |   6089 |    283 |      7 |   4650 |   6 | 1062.0 |
       Dungeon |   6316 |   6042 |    274 |      7 |   4609 |   5 | 1263.2 |
        Temple |     56 |     48 |      8 |      0 |     41 |   1 |   56.0 |
               +--------+--------+--------+--------+--------+-----+--------+

Top non-repeatable levels by time:
     D:2: 1542 daAuts
     D:4: 1512 daAuts
     D:3: 1489 daAuts
     D:1: 1362 daAuts
     D:5: 409 daAuts
  Temple: 56 daAuts
